 Dungeon Crawl Stone Soup version 0.17.1-1-g73c8601 (webtiles) character file.

5291 shmeve the Covert (level 10, -3/76 (77) HPs)
             Began as a Vampire Berserker on Apr 23, 2016.
             Was a High Priest of Trog.
             Succumbed to a manticore's barbed spikes
             ... on level 1 of the Abyss.
             The game lasted 00:22:50 (8852 turns).

shmeve the Covert (Vampire Berserker)               Turns: 8852, Time: 00:22:50

HP:   -3/76 (77)    AC: 11    Str: 19    XL:     10   Next: 37%
MP:   10/10         EV: 11    Int: 11    God:    Trog [*****.]
Gold: 440           SH: 10    Dex: 15    Spells: 0 memorised, 9 levels left

rFire  . . .     SeeInvis +     p - +0 war axe
rCold  . . .     Clarity  +     q - +3 scale mail
rNeg   . . .     SustAt   .     C - +0 shield
rPois  +         Gourm    .     (no helmet)
rElec  .         Spirit   .     (no cloak)
rCorr  .         Warding  .     (no gloves)
rMut   .         Stasis   .     c - +0 pair of boots
MR     +....                    f - amulet of clarity
Stlth  +++.......               y - ring of poison resistance
                                i - +2 ring of dexterity

@: manticore barbs, regenerating quickly, somewhat resistant to hostile
enchantments, fairly stealthy
A: fangs 3, see invisible, unbreathing
a: Berserk, Trog's Hand, Brothers in Arms, Burn Spellbooks, Renounce Religion


You were on level 1 of the Abyss.
You worshipped Trog.
Trog was extremely pleased with you.
You were full.

You visited 1 branch of the dungeon, and saw 10 of its levels.
You visited the Abyss 1 time.
You also visited: Ossuary.

You collected 440 gold pieces.

Inventory:

Hand Weapons
 p - a +0 war axe (weapon)
Armour
 c - a +0 pair of boots (worn)
 q - a +3 scale mail (worn)
 C - a +0 shield (worn)
Jewellery
 f - an amulet of clarity (around neck)
 i - a +2 ring of dexterity (left hand)
 y - a ring of poison resistance (right hand)
 J - a +2 ring of strength {unknown}
Scrolls
 a - 4 scrolls of fog {unknown}
 d - 9 scrolls of identify {unknown}
 e - 3 scrolls of enchant weapon {unknown}
 g - 2 scrolls of immolation {unknown}
 h - 3 scrolls of enchant armour {unknown}
 j - 5 scrolls of remove curse {unknown}
 k - 2 scrolls of teleportation {unknown}
 m - 2 scrolls of magic mapping {unknown}
 A - 2 scrolls of blinking {unknown}
 D - a scroll of noise {unknown}
 E - 2 scrolls of amnesia {unknown}
 I - a scroll of vulnerability {unknown}
Potions
 b - 3 potions of brilliance {unknown}
 l - 2 potions of agility {unknown}
 n - 2 potions of degeneration {unknown}
 o - 2 potions of flight {unknown}
 r - 2 potions of poison {unknown}
 s - a potion of ambrosia {unknown}
 t - 3 potions of invisibility {unknown}
 u - a potion of haste {unknown}
 v - a potion of berserk rage {unknown}
 w - a potion of cancellation {unknown}
 x - a potion of beneficial mutation {unknown}
 z - 4 potions of might
 B - a potion of lignification {unknown}
 F - 2 potions of curing {unknown}
 G - a potion of cure mutation {unknown}
 H - a potion of heal wounds {unknown}


   Skills:
 * Level 6.8 Fighting
 * Level 7.2 Axes
 + Level 4.4 Armour
 + Level 6.8 Dodging
 + Level 9.4 Stealth
 * Level 5.7 Shields


You had 9 spell levels left.
You didn't know any spells.

Dungeon Overview and Level Annotations

Branches:
Dungeon (10/15)
 Temple: D:4-7         Lair: D:8-11         Orc: D:9-12

Altars:
Ashenzari
Cheibriados
Dithmenos
Fedhas
Kikubaaqudgha
Makhleb
Nemelex Xobeh
Okawaru
Qazlal
Sif Muna
Trog
Vehumet
Xom
Yredelemnul
Zin
The Shining One

Shops:
D:8 (

Annotations:
D:8 Blork the orc
D:10 Sonja


Innate Abilities, Weirdness & Mutations

Your natural rate of healing is unusually fast.
You have razor-sharp teeth.
You have supernaturally acute eyesight.
You can survive without breathing.


Message History

The barbs in your skin will harm you if you move.
Continue?
The barbed spikes dig painfully into your body as you move.
The manticore flicks its tail.
The volley of spikes hits you!
The barbed spikes become lodged in your body.
The barbed spikes dig painfully into your body as you move.
The merfolk disappears in a puff of smoke!
The barbed spikes dig painfully into your body as you move.
The barbed spikes dig painfully into your body as you move.
The barbed spikes dig painfully into your body as you move.
* * * LOW HITPOINT WARNING * * *
The barbed spikes dig painfully into your body as you move.
* * * LOW HITPOINT WARNING * * *
A giant orange brain comes into view.
The barbed spikes dig painfully into your body as you move.
* * * LOW HITPOINT WARNING * * *
The barbed spikes dig painfully into your body as you move.
* * * LOW HITPOINT WARNING * * *
The barbed spikes dig painfully into your body as you move.
You die...

##. .#.. ...
.. ###. #.#.
##..#
#...#..G#
#...@.#
##....##
#....#.#
...#.###.####
...... #.#5..
#
#..#....##...
# ##
#..##..##..#
#.#...###ยง###
...### #...#


You could see a giant orange brain (wandering) and an ufetubus.

Vanquished Creatures
  Pikel (D:4)
  A spriggan (D:7)
  Sigmund (D:2)
  3 wolves (D:10)
  Grum (D:10)
  2 hippogriffs
  Edmund (D:4)
  A mottled dragon (D:9)
  2 sky beasts
  5 ogres
  A necrophage (D:9)
  4 slaves (D:4)
  An ice beast (D:8)
  2 centaurs
  4 big kobolds
  A wyvern zombie (D:7)
  5 giant frogs
  3 water moccasin zombies (Ossuary)
  2 scorpions (D:9)
  7 killer bees
  3 wights (D:8)
  2 crimson imps
  3 hounds
  A giant frog zombie (D:7)
  2 jellies
  2 orc priests
  3 orc wizards
  3 iguanas
  2 killer bee zombies
  14 worker ants
  2 big kobold zombies (Ossuary)
  A hound skeleton (D:5)
  2 mummies (Ossuary)
  14 adders
  2 gnolls (D:2)
  2 shadow imps
  8 adder zombies
  An adder skeleton (D:8)
  28 orcs
  2 ball pythons
  7 giant cockroaches
  4 gnoll zombies (Ossuary)
  3 goblins
  6 hobgoblins
  4 jackals
  24 kobolds
  4 quokkas
  7 bats
  5 giant geckos
  A giant gecko zombie (D:7)
  10 giant newts
  8 hobgoblin zombies (Ossuary)
  3 kobold zombies (Ossuary)
  7 orc zombies (Ossuary)
  13 rats
251 creatures vanquished.

Vanquished Creatures (others)
  5 sheep (D:5)
5 creatures vanquished.

Grand Total: 256 creatures vanquished

Notes
Turn   | Place    | Note
--------------------------------------------------------------
     0 | D:1      | shmeve the Vampire Berserker began the quest for the Orb.
     0 | D:1      | Reached XP level 1. HP: 17/17 MP: 1/1
   261 | D:1      | Found a sparkling altar of Nemelex Xobeh.
   272 | D:1      | Reached XP level 2. HP: 14/23 MP: 2/2
   458 | D:1      | Reached skill level 3 in Axes
  1115 | D:2      | Reached ** piety under Trog
  1115 | D:2      | Reached skill level 1 in Stealth
  1137 | D:2      | Noticed Sigmund
  1146 | D:2      | Killed Sigmund
  1146 | D:2      | Reached XP level 3. HP: 19/29 MP: 3/3
  1146 | D:2      | Reached XP level 4. HP: 23/36 MP: 4/4
  1146 | D:2      | Reached XP level 5. HP: 25/41 MP: 5/5
  1295 | D:2      | Found a snail-covered altar of Cheibriados.
  1734 | D:3      | Reached XP level 6. HP: 48/48 MP: 6/6
  2047 | D:3      | Reached *** piety under Trog
  2492 | D:4      | Noticed Pikel
  2495 | D:4      | Reached skill level 4 in Fighting
  2506 | D:4      | Killed Pikel
  2506 | D:4      | Reached XP level 7. HP: 55/55 MP: 7/7
  2551 | D:4      | Reached skill level 5 in Stealth
  2755 | D:4      | Reached skill level 5 in Fighting
  2755 | D:4      | Reached skill level 5 in Axes
  2759 | D:4      | Reached XP level 8. HP: 62/62 MP: 8/8
  2791 | D:4      | Found a stormy altar of Qazlal.
  2791 | D:4      | Noticed Edmund
  2815 | D:4      | Killed Edmund
  2815 | D:4      | Reached skill level 5 in Dodging
  2936 | D:4      | Found a sand-covered staircase.
  2940 | Ossuary  | Entered an ossuary
  3261 | D:5      | Entered Level 5 of the Dungeon
  3346 | D:5      | Found a basalt altar of Yredelemnul.
  3400 | D:5      | Reached skill level 6 in Stealth
  3554 | D:5      | Reached **** piety under Trog
  3599 | D:5      | Got a colourful robe
  3610 | D:5      | Identified the +1 robe of Zakyud {rElec} (You found it on level 5 of the Dungeon)
  3807 | D:5      | Found a shimmering altar of Xom.
  3932 | D:6      | Found a shadowy altar of Dithmenos.
  4083 | D:6      | Found a glowing silver altar of Zin.
  4298 | D:6      | Reached skill level 1 in Shields
  4494 | D:6      | Found an iron altar of Okawaru.
  4496 | D:6      | Found a shattered altar of Ashenzari.
  4553 | D:6      | Found a burning altar of Makhleb.
  4554 | D:6      | Found an ancient bone altar of Kikubaaqudgha.
  4803 | D:7      | Reached skill level 7 in Stealth
  4832 | D:7      | Reached XP level 9. HP: 69/69 MP: 9/9
  5220 | D:7      | Reached skill level 8 in Stealth
  5417 | D:7      | Found a glowing golden altar of the Shining One.
  5559 | D:7      | Found a basalt altar of Yredelemnul.
  5708 | D:7      | Noticed an angel
  6035 | D:8      | Found Vusif's Antique Weapon Shop.
  6043 | D:8      | Reached skill level 5 in Shields
  6166 | D:8      | Reached ***** piety under Trog
  6488 | D:8      | Noticed Blork the orc
  6496 | D:8      | Found a deep blue altar of Sif Muna.
  7077 | D:9      | Reached XP level 10. HP: 76/76 MP: 10/10
  7100 | D:9      | Reached skill level 9 in Stealth
  7821 | D:9      | Found a radiant altar of Vehumet.
  7824 | D:9      | Found a bloodstained altar of Trog.
  7827 | D:9      | Found a blossoming altar of Fedhas.
  7861 | D:9      | You fall through a shaft!
  7861 | D:10     | Entered Level 10 of the Dungeon
  8462 | D:10     | Noticed Grum
  8472 | D:10     | Killed Grum
  8734 | D:10     | Noticed Sonja
  8765 | D:10     | Cast into the Abyss (Sonja)
  8822 | Abyss:1  | Noticed a worldbinder
  8826 | Abyss:1  | Noticed a siren
  8827 | Abyss:1  | Found a stormy altar of Qazlal.
  8828 | Abyss:1  | Noticed a siren
  8828 | Abyss:1  | Noticed a siren
  8835 | Abyss:1  | Noticed a siren
  8835 | Abyss:1  | Noticed a siren
  8840 | Abyss:1  | Noticed a manticore
  8850 | Abyss:1  | Noticed a giant orange brain
  8851 | Abyss:1  | HP: 3/76 [barbs]
  8852 | Abyss:1  | Succumbed to a manticore's barbed spikes

Action                   |  1- 3 |  4- 6 |  7- 9 | 10-12 || total
-------------------------+-------+-------+-------+-------++-------
Melee: Hand axe          |    79 |    66 |       |       ||   145
       War axe           |       |    47 |   408 |   131 ||   586
Invok: Berserk           |     1 |     4 |     5 |     2 ||    12
       Trog's Hand       |       |     1 |       |     1 ||     2
       Burn Spellbooks   |       |       |     1 |       ||     1
       Brothers in Arms  |       |       |       |     1 ||     1
  Use: Potion            |       |       |     2 |       ||     2
 Stab: Sleeping          |     1 |     8 |    17 |     7 ||    33
       Distracted        |     1 |       |     3 |     1 ||     5
  Eat: Corpse            |    11 |    16 |    31 |     9 ||    67
